 Dungeon Crawl Stone Soup version 0.29-a0-334-gb41bcbb86e (webtiles) character file.

Game seed: 9782788447082046072

37 snetch the Skirmisher (level 3, -2/34 HPs)
             Began as a Minotaur Berserker on Apr 13, 2022.
             Was a Believer of Trog.
             Slain by an orc
             ... wielding a +1 flail of protection
              (7 damage)
             ... on level 4 of the Dungeon on Apr 14, 2022.
             The game lasted 00:04:19 (956 turns).

snetch the Skirmisher (Minotaur Berserker)           Turns: 956, Time: 00:04:20

Health: -2/34      AC: 10    Str: 23    XL:     3   Next: 23%
Magic:  2/2        EV:  8    Int:  4    God:    Trog [**....]
Gold:   98         SH:  0    Dex:  9    Spells: 2/2 levels left

rFire   . . .      SeeInvis .   a - +0 hand axe
rCold   . . .      Faith    .   (no shield)
rNeg    . . .      Spirit   .   i - +0 chain mail
rPois   .          Reflect  .   (helmet restricted)
rElec   .          Harm     .   (no cloak)
rCorr   .          Rampage  .   (no gloves)
Will    .....                   b - +0 pair of boots
Stlth   ..........              (no amulet)
HPRegen 0.11/turn               (no ring)
MPRegen 0.08/turn               (no ring)

@: confused
A: horns 2, retaliatory headbutt
a: Renounce Religion, Berserk, Trog's Hand


You were on level 4 of the Dungeon.
You worshipped Trog.
Trog was pleased with you.
You visited 1 branch of the dungeon, and saw 4 of its levels.

You collected 98 gold pieces.

Inventory:

Hand Weapons
 a - a +0 hand axe (weapon)
 n - a +0 scythe
Missiles
 g - 92 stones (quivered)
Armour
 b - a +0 pair of boots (worn)
 i - a +0 chain mail (worn)
Scrolls
 e - a scroll of immolation {unknown}
 f - a scroll of noise {unknown}
 k - 3 scrolls of identify {unknown}
 l - a scroll of blinking {unknown}
 m - a scroll of holy word {unknown}
Potions
 c - 2 potions of haste {unknown}
 d - 2 potions of might {unknown}
 h - a potion of resistance {unknown}
 j - a potion of curing {unknown}


   Skills:
 + Level 4.4 Fighting
 + Level 4.2 Axes
 + Level 2.7 Armour
 + Level 2.4 Dodging


You had 2 spell levels left.
You didn't know any spells.
Your spell library contained the following spells:

 Spells                   Type           Power      Damage    Failure   Level
 Scorch                   Fire           0%         2d5       100%        2
 Ignite Poison            Fire/Tmut/Pois 0%         N/A       100%        3
 Mephitic Cloud           Conj/Pois/Air  0%         N/A       100%        3
 Flame Wave               Conj/Fire      0%         2d4       100%        4
 Freezing Cloud           Conj/Ice/Air   0%         6-21      100%        5
 Summon Cactus Giant      Summ           0%         N/A       100%        6


Dungeon Overview and Level Annotations

Branches:
Dungeon (4/15)
 Temple: D:4-7

Altars:
Yredelemnul

Shops:
D:1 [


Innate Abilities, Weirdness & Mutations

You have a pair of horns on your head.
You reflexively headbutt those who attack you in melee.


Message History

You furiously retaliate!
You headbutt the orc wizard! The orc hits you but does no damage.
You barely miss the orc wizard.
The orc wizard is almost dead.
You hit the orc.
The orc wizard hits you with a +0 dagger.
The orc hits you but does no damage.
You barely miss the orc wizard. Your headbutt misses the orc wizard.
The orc wizard is almost dead.
You barely miss the orc. You barely miss something.
You hear some strange, mumbled words.
You are confused.
The orc closely misses you. The orc wizard barely misses you.
The orc wizard hits you but does no damage.
You hear some strange, mumbled words.
A magic dart appears from out of thin air!
The magic dart hits you! The orc hits you but does no damage.
You are too confused!
You are too confused!
Unknown command.
You bump into the rock wall.
The orc wizard casts a spell.
The orc wizard flickers and vanishes!
You hear some strange, mumbled words.
Something tries to affect you, but you resist.
The orc hits you with a +1 flail of protection.
Unknown command.
You miss the orc. Your headbutt misses the orc.
The orc is almost dead.
You barely miss something. You closely miss something. Something hits you.
The orc hits you with a +1 flail of protection!
* * * LOW HITPOINT WARNING * * *
Something hits you.
* * * LOW HITPOINT WARNING * * *
You bump into the rock wall.
Something hits you but does no damage.
You hear some strange, mumbled words.
A magic dart appears from out of thin air!
The magic dart hits you but does no damage.
The orc hits you with a +1 flail of protection!
You die...

##...##
##.....##
##.......##
#.........#
+.........+
#.........#
#.{o....#
#@{...#
##...##
#+##


You could see an orc.

Vanquished Creatures
  2 dart slugs (D:1)
  2 endoplasms
  2 giant cockroaches
  A goblin (D:3)
  5 hobgoblins
  4 jackals (D:1)
  2 ball pythons
  6 bats
  A frilled lizard (D:1)
  4 rats
29 creatures vanquished.

Notes
Turn   | Place    | Note
-------+----------+-------------------------------------------
     0 | D:1      | snetch the Minotaur Berserker began the quest for the Orb.
     0 | D:1      | Reached XP level 1. HP: 19/19 MP: 0/0
   296 | D:1      | Found a faded altar of an unknown god.
   298 | D:1      | Reached XP level 2. HP: 26/27 MP: 1/1
   324 | D:1      | Found Puvuabb's Antique Armour Boutique.
   326 | D:1      | You fall into a shaft and drop 1 floor!
   801 | D:3      | Reached XP level 3. HP: 33/33 MP: 2/2
   807 | D:2      | Found a basalt altar of Yredelemnul.
   861 | D:3      | Reached ** piety under Trog
   956 | D:4      | Slain by an orc

Illustrated notes

Levels and vault maps discovered:
D:1:      wander_arrival_desolate, layout_basic,
          shapermc_ecumenical_altar_pompeii, serial_shops, shop,
          chequers_hall_statues_y
D:2:      layout_rooms, serial_co_window_serial, co_window_paths_a,
          co_window_paths_b, co_window_paths_a, co_window_of_opportunity_a,
          co_window_paths_a, co_window_paths_c, co_window_paths_c,
          co_window_corner_b, co_window_of_opportunity_b, co_window_broadway_c,
          co_window_of_opportunity_b, co_window_4corner_b, co_window_sun,
          glass_columns_c, glass_columns_a, glass_columns_a, basic_altar
D:3:      layout_loops_cross
D:4:      layout_loops_corners, minmay_temple_entry_large_hall

Skill      XL: |  1  2 |
---------------+-------+-----
Fighting       | 4 |  4.4
Axes           | 4 |  4.2
Armour         | |  2.7
Dodging        | |  2.4

Action                   || total
-------------------------++-------
Melee: Hand axe          ||    68
       Headbutt          ||    13
Armor: Animal skin       ||     4
       Chain mail        ||    51
Dodge: Dodged            ||    48

Table legend: (Time is in decaauts)
 A = Elapsed time spent in this place.
 B = Non-inter-level travel time spent in this place.
 C = Inter-level travel time spent in this place.
 D = Time resting spent in this place.
 E = Time spent auto-exploring this place.
 F = Levels seen in this place.
 G = Mean time per level.
                   A        B        C        D        E       F      G
               +--------+--------+--------+--------+--------+-----+--------+
         Total |    970 |    935 |     35 |      0 |    348 |   4 |  242.5 |
       Dungeon |    970 |    935 |     35 |      0 |    348 |   4 |  242.5 |
               +--------+--------+--------+--------+--------+-----+--------+

Top non-repeatable levels by time:
     D:1: 588 daAuts
     D:2: 231 daAuts
     D:3: 122 daAuts
     D:4: 27 daAuts
